 Dungeon Crawl Stone Soup version 0.32-a0-614-gd166fa89d2 (webtiles) character file.

Game seed: 7290236237054083430

8393 Nilihum the Carver (level 11, -1/84 HPs)
             Began as a Coglin Artificer on Mar 5, 2024.
             Was an Initiate of Gozag.
             Engulfed by Erica the death drake's foul pestilence (12 damage)
             ... on level 10 of the Dungeon.
             The game lasted 00:16:35 (11447 turns).

Nilihum the Carver (Coglin Artificer)              Turns: 11447, Time: 00:16:36

Health: -1/84      AC: 13    Str: 13    XL:     11   Next: 30%
Magic:  2/2        EV: 12    Int: 11    God:    Gozag
Gold:   1569       SH:  0    Dex: 18    Spells: 10/10 levels left

rFire   . . .        a - +3 falchion "Ceomoano" {holy, rPois Will+ MP-9}
rCold   . . .        f - +0 short sword (venom) {Kiyoto}
rNeg    . . .        b - +0 scale mail
rPois   +            (no helmet)
rElec   .            o - +2 cloak
rCorr   .            (no gloves)
SInv    .            m - +1 pair of boots
Will    +....        (amulet unavailable) Stlth
                     (ring unavailable)
HPRegen 0.34/turn    (ring unavailable)
MPRegen 0.08/turn    (no gizmo)

%: no passive effects
@: slowed, studying Long Blades, revving, very slow
A: off-hand wielding, slow wielding, warmup strikes, no jewellery
a: Invent Gizmo, Renounce Religion, Potion Petition, Call Merchant, Bribe Branch


You were on level 10 of the Dungeon.
You worshipped Gozag.
Gozag was most pleased with you.
You visited 2 branches of the dungeon, and saw 11 of its levels.

You collected 1615 gold pieces.
You paid 46 gold pieces to Gozag.

Inventory:

Hand Weapons
 a - the +3 falchion "Ceomoano" (weapon) {holy, rPois Will+ MP-9}
   (You found it on level 3 of the Dungeon)

   rPois:     It protects you from poison.
   Will+:     It increases your willpower.
   MP-9:      It affects your magic capacity (-9).
 f - a +0 short sword of venom (offhand) {Kiyoto}
 D - a +0 scimitar
Armour
 b - a +0 scale mail (worn)
 m - a +1 pair of boots (worn)
 o - a +2 cloak (worn)
Wands
 d - a wand of charming (14)
 l - a wand of polymorph (6)
 s - a wand of mindburst (4)
 u - a wand of warping (4)
 y - a wand of acid (2)
 L - a wand of flame (36)
Scrolls
 c - a scroll of fog
 h - 3 scrolls of enchant weapon
 w - 2 scrolls of teleportation
 C - 2 scrolls of revelation
 E - a scroll of blinking
 G - 2 scrolls of noise
 H - 2 scrolls of butterflies
 K - a scroll of vulnerability
Potions
 g - a potion of curing
 i - 3 potions of resistance
 j - a potion of cancellation
 n - 3 potions of degeneration
 q - a potion of attraction
 r - 2 potions of mutation
 A - a potion of might {unknown}
 F - a potion of magic


   Skills:
 + Level 7.1 Fighting
 * Level 11.6 Long Blades
 + Level 6.8 Armour
 + Level 6.2 Dodging
 - Level 0.7 Stealth
 + Level 9.9 Evocations


You had 10 spell levels left.
You didn't know any spells.
Your spell library contained the following spells:

 Spells                   Type           Power      Damage    Failure   Level
 Foxfire                  Conj/Fire      0%         2x1d4     80%         1
 Call Imp                 Summ           0%         N/A       91%         2
 Mercury Vapours          Alch/Air       0%         N/A       91%         2
 Scorch                   Fire           0%         2d5       91%         2
 Sublimation of Blood     Necr           0%         N/A       91%         2
 Mephitic Cloud           Conj/Alch/Air  0%         N/A       99%         3
 Flame Wave               Conj/Fire      0%         2d4       100%        4
 Alistair's Intoxication  Alch           0%         N/A       100%        5
 Borgnjor's Vile Clutch   Necr/Erth      0%         N/A       100%        5
 Freezing Cloud           Conj/Ice/Air   0%         6-21      100%        5
 Eringya's Noxious Bog    Alch           0%         4d6       100%        6
 Plasma Beam              Fire/Air       0%         2x1d10    100%        6
 Starburst                Conj/Fire      0%         6d3       100%        6
 Summon Cactus Giant      Summ           0%         N/A       100%        6
 Summon Hydra             Summ           0%         N/A       100%        7


Dungeon Overview and Level Annotations

Branches:
Dungeon (10/15)            Temple (1/1) D:4            Lair (0/5) D:8
    Orc: D:9-12

Altars:
Ashenzari
Cheibriados
Dithmenos
Elyvilon
Fedhas
Gozag
Hepliaklqana
Kikubaaqudgha
Makhleb
Nemelex Xobeh
Okawaru
Qazlal
Ru
Sif Muna
Trog
Uskayaw
Vehumet
Wu Jian
Xom
Yredelemnul
Zin
The Shining One

Shops:
D:4 :   D:10 [([

Annotations:
D:6 1 runed translucent door, Crazy Yiuf
D:10 Erica
Temple 2 transporters


Innate Abilities, Weirdness & Mutations

You can wield a second weapon in your off-hand.
It takes a long time for you to wield or remove held weapons.
Your first few attacks do less damage.
You cannot equip rings or amulets.


Message History

Erica bites you but does no damage.
You closely miss Erica with the +3 falchion "Ceomoano".
Erica is heavily wounded.
You hit Erica but do no damage.
You feel sick. Erica bites you but does no damage.
You closely miss Erica with your +0 short sword of venom.
Erica is heavily wounded.
You closely miss Erica with the +3 falchion "Ceomoano".
You feel sick. Erica bites you but does no damage. Erica misses you.
You hit Erica but do no damage.
Erica is heavily wounded.
You hit Erica but do no damage.
You feel sick. Erica breathes miasma at you. The foul vapour misses you.
You feel sick. Erica bites you. x2
You slash Erica with the +3 falchion "Ceomoano"!
Erica is heavily wounded.
You hit Erica but do no damage.
You feel sick.
You are no longer poisoned.
Erica breathes miasma at you. The foul vapour engulfs you.
You closely miss Erica with the +3 falchion "Ceomoano".
Erica is heavily wounded.
You hit Erica with your +0 short sword of venom.
Erica looks as sick as possible!
You are engulfed in dark miasma.
Erica bites you. Erica breathes miasma at you. The foul vapour engulfs you!
* * * LOW HITPOINT WARNING * * *
Blink to where?
Press: ? - help, Dir - move target, p - Erica
As you read the scroll of blinking, it crumbles to dust.
Erica breathes miasma at you. The foul vapour engulfs you!!
You are poisoned.
* * * LOW HITPOINT WARNING * * *
Okay, then.
You feel better.
You are engulfed in dark miasma.
You die...
Your body crumbles into a pile of gold.

#.......#.....#......°#......#...
#.......#.....#....°.°########...
#.......#.....#.......#......#...
#.......#.....#.......#......'...
#.......#.....#..k....#......#...
#.....#'#####'#.°######......#...
......#.....#...°.....#......#...
......#.....#..°°°....#......#...
......#.....#..°@°....########...
......#.....#.°°°°°...#..........
......#.....#.........'..........
......#.....#.........#..........
......#.....#.........#..........
......#.....#....######..........
......#....).....#....#..........
......#..........#....#..........
......#..........'....#..........


You could see Erica the death drake (very poisoned, catching breath).

Vanquished Creatures
  Erolcha (D:10)
  A centaur warrior (D:9)
  A two-headed ogre (D:9)
  Nergalle (D:10)
  An ugly thing (D:9)
  2 kobold demonologists (D:9)
  A troll (D:10)
  Prince Ribbit (D:7)
  2 wyverns
  4 steam dragons
  2 vampire mosquitoes (D:10)
  Edmund (D:5)
  2 orc warriors
  2 sky beasts
  An ogre (D:4)
  2 centaurs
  A phantom (D:4)
  5 kobold brigands
  Blork the orc (D:6)
  2 bullfrogs
  3 scorpions
  4 wights (D:8)
  16 killer bees
  2 bombardier beetles
  4 howler monkeys
  A crimson imp (D:7)
  5 hounds
  5 orc priests
  A jelly (D:5)
  2 iguanas
  3 sleepcaps
  11 orc wizards
  Natasha (thrice) (D:4)
  7 adders
  2 shadow imps
  3 white imps
  2 ufetubi (D:5)
  4 ribbon worms
  28 orcs
  9 ball pythons
  7 endoplasms
  A giant cockroach (D:1)
  9 goblins
  9 hobgoblins
  7 jackals
  19 kobolds
  4 quokkas
  4 bats
  A frilled lizard (D:2)
  5 rats
215 creatures vanquished.

Vanquished Creatures (others)
  A centaur (D:9)
  A kobold (D:9)
2 creatures vanquished.

Grand Total: 217 creatures vanquished

Notes
Turn   | Place    | Note
-------+----------+-------------------------------------------
     0 | D:1      | Nilihum the Coglin Artificer began the quest for the Orb.
     0 | D:1      | Reached XP level 1. HP: 15/15 MP: 1/1
    53 | D:1      | Reached skill level 1 in Dodging
    58 | D:1      | Reached XP level 2. HP: 6/21 MP: 2/2
   151 | D:1      | Reached skill level 1 in Long Blades
   172 | D:1      | Found a faded altar of an unknown god.
   407 | D:1      | Reached XP level 3. HP: 26/26 MP: 3/3
   573 | D:2      | Found a white marble altar of Elyvilon.
   794 | D:2      | Reached XP level 4. HP: 33/33 MP: 4/4
   992 | D:2      | Reached skill level 2 in Long Blades
  1320 | D:3      | Identified the +3 falchion "Ceomoano" {holy, rPois Will+
                  | MP-9}
  1803 | D:3      | Reached XP level 5. HP: 38/38 MP: 0/5
  1956 | D:4      | Noticed an ogre
  2044 | D:4      | Noticed a phantom
  2057 | D:4      | Killed a phantom
  2095 | D:4      | Reached skill level 3 in Long Blades
  2174 | D:4      | Reached skill level 5 in Evocations
  2174 | D:4      | Reached XP level 6. HP: 24/46 MP: 0/6
  2302 | D:4      | Noticed a sky beast
  2311 | D:4      | Killed a sky beast
  2328 | D:4      | Found a snail-covered altar of Cheibriados.
  2392 | D:4      | Found a staircase to the Ecumenical Temple.
  2400 | D:4      | Found Apoatauj's Book Shoppe.
  2410 | D:4      | Noticed Natasha
  2416 | Temple   | Found a transporter.
  2416 | Temple   | Found a transporter.
  2416 | Temple   | Found a transporter.
  2416 | Temple   | Found a transporter.
  2416 | Temple   | Entered the Ecumenical Temple
  2430 | Temple   | Became a worshipper of Gozag Ym Sagoz the Greedy
  2451 | D:4      | Reached XP level 7. HP: 50/51 MP: 0/7
  2505 | D:4      | Killed Natasha
  2523 | D:4      | Reached skill level 4 in Long Blades
  2670 | D:4      | Found an ornate altar of the Wu Jian Council.
  2825 | D:4      | Noticed Natasha
  2832 | D:4      | Killed Natasha
  2971 | D:4      | Noticed Natasha
  2978 | D:4      | Killed Natasha
  3084 | D:5      | Entered Level 5 of the Dungeon
  3236 | D:5      | Found a broken altar of Ashenzari.
  3329 | D:5      | Noticed Edmund
  3340 | D:4      | Reached XP level 8. HP: 43/59 MP: 0/8
  3429 | D:5      | Reached skill level 5 in Long Blades
  3585 | D:5      | Killed Edmund
  3723 | D:5      | Got the Incunable of the Dragon
  4075 | D:5      | Found a shimmering altar of Xom.
  4082 | D:5      | Found a sparkling altar of Nemelex Xobeh.
  5015 | D:6      | Reached skill level 6 in Long Blades
  5300 | D:6      | Reached XP level 9. HP: 60/66 MP: 0/9
  5430 | D:6      | Found an iron altar of Okawaru.
  5456 | D:6      | Identified the +5 war axe of the Vanishing Stories {flame,
                  | rF+ rC+ Str+2}
  5608 | D:6      | Found a runed translucent door.
  5609 | D:6      | Noticed Crazy Yiuf
  6134 | D:6      | Noticed Blork the orc
  6143 | D:6      | Killed Blork the orc
  6582 | D:7      | Found a glowing golden altar of the Shining One.
  6767 | D:7      | Reached skill level 5 in Fighting
  6767 | D:7      | Reached skill level 7 in Long Blades
  6767 | D:7      | Noticed Prince Ribbit
  6778 | D:7      | Killed Prince Ribbit
  6779 | D:7      | Reached skill level 5 in Armour
  7423 | D:8      | Found a staircase to the Lair.
  7780 | D:8      | Found a stormy altar of Qazlal.
  7912 | D:8      | Reached XP level 10. HP: 51/75 MP: 1/10
  8053 | D:8      | Found a hazy altar of Hepliaklqana.
  8295 | D:9      | Noticed a brown ugly thing
  8298 | D:9      | Noticed a two-headed ogre
  8312 | D:9      | Killed a brown ugly thing
  8313 | D:9      | Reached skill level 8 in Long Blades
  8313 | D:9      | Reached skill level 5 in Dodging
  8505 | D:8      | Identified a scroll of acquirement
  8505 | D:8      | Acquired a manual of Long Blades
  8746 | D:9      | Killed a two-headed ogre
  8831 | D:9      | Reached skill level 9 in Long Blades
  8961 | D:9      | Noticed a centaur warrior
  8972 | D:9      | Killed a centaur warrior
  9442 | D:9      | Noticed a kobold demonologist
  9449 | D:9      | Reached skill level 10 in Long Blades
  9449 | D:9      | Noticed a kobold demonologist
  9602 | D:9      | Killed a kobold demonologist
  9611 | D:9      | Noticed a soul eater
  9616 | D:9      | Killed a kobold demonologist
  9663 | D:9      | Found an ancient bone altar of Kikubaaqudgha.
  9907 | D:10     | Entered Level 10 of the Dungeon
  9948 | D:10     | Found Jufer's Armour Shoppe.
  9998 | D:10     | Noticed Erolcha
 10022 | D:10     | Killed Erolcha
 10023 | D:10     | Reached skill level 11 in Long Blades
 10023 | D:10     | Reached XP level 11. HP: 12/83 MP: 2/11
 10539 | D:10     | Found a burning altar of Makhleb.
 10585 | D:10     | Noticed Nergalle
 10602 | D:10     | Killed Nergalle
 10801 | D:10     | Found Ettoi's Antique Weapon Shop.
 11209 | D:10     | Found Targhoq's Antique Armour Shop.
 11421 | D:10     | Noticed Erica
 11422 | D:10     | Erica changed into Erica the death drake
 11422 | D:10     | Noticed Erica
 11446 | D:10     | HP: 2/84 [Erica the death drake/foul vapour (18)]
 11447 | D:10     | Engulfed by Erica the death drake's foul pestilence

Illustrated notes

Levels and vault maps discovered:
D:1:      dpeg_arrival_connections, layout_basic,
          ebering_ecumenical_altar_petrified, minmay_heptomino_l4
D:2:      layout_loops_ring, basic_altar, grunt_decor_mini_mirrors, uniq_robin
D:3:      layout_loops_ring, corexii_corridor_pit, grunt_decor_junction
D:4:      layout_loops_cross, nicolae_wu_jian_wuxing_cycle, cheibriados_altar_1,
          minmay_temple_entry_sparse_star, serial_shops,
          nicolae_shop_tiny_glass, uniq_natasha
D:5:      layout_layer_cave, nicolae_ashenzari_panopticon, minitemple,
          nicolae_ossuary_entry_monument, uniq_edmund
D:6:      layout_layer_cave, marbit_many_paths, serial_rivers,
          chequers_serial_rivers_micro_c, chequers_serial_rivers_micro_c,
          chequers_serial_rivers_large_a, chequers_serial_rivers_large_b,
          chequers_serial_rivers_room_b, uniq_blork_the_orc,
          uniq_crazy_yiuf_cottage
D:7:      layout_basic, lemuel_doored_altar, minmay_fire_ice_demons,
          uniq_prince_ribbit1
D:8:      layout_loops_ring, nicolae_qazlal_general_emergency,
          nicolae_overflow_hidden_temple, dpeg_oklobed_lair,
          nicolae_kite_square_tiling_tiny
D:9:      layout_basic, nicolae_kikubaaqudgha_miasma_corner
D:10:     layout_grid_maze, bloody_makhleb, serial_shops, kennysheep_mini,
          nicolae_shop_stone, shop_fountains, uniq_erolcha, uniq_erica,
          uniq_nergalle
Temple:   hellmonk_temple_divided_pantheon

Skill      XL: |  1  2  3  4  5  6  7  8  9 10 11 |
---------------+----------------------------------+-----
Dodging        | 1 2 3 4 6 |  6.2
Armour         | 2 3 4 5 6 |  6.8
Long Blades    | 1 2 3 4 6 7 11 | 11.6
Fighting       | 2 3 4 5 6 7 |  7.1
Evocations     | 5 6 7 8 9 |  9.9
Stealth        | |  0.7

Action                     |  1- 3 |  4- 6 |  7- 9 | 10-12 || total
---------------------------+-------+-------+-------+-------++-------
  Melee: Dagger            |    86 |   151 |    84 |       ||   321
         Club              |    19 |       |       |       ||    19
         Falchion          |       |    84 |   267 |   199 ||   550
         Short sword       |       |       |   157 |   198 ||   355
  Evoke: Wand              |    12 |     7 |     5 |    15 ||    39
    Use: Scroll            |     3 |     3 |       |    17 ||    23
         Potion            |       |       |       |     9 ||     9
   Stab: Sleeping          |     2 |     2 |       |       ||     4
         Distracted        |       |       |     3 |     1 ||     4
 Armour: Leather armour    |    45 |    27 |       |       ||    72
         Scale mail        |       |    55 |   204 |   200 ||   459
  Dodge: Dodged            |    41 |    59 |   127 |   117 ||   344

Table legend: (Time is in decaauts)
 A = Elapsed time spent in this place.
 B = Non-inter-level travel time spent in this place.
 C = Inter-level travel time spent in this place.
 D = Time resting spent in this place.
 E = Time spent auto-exploring this place.
 F = Levels seen in this place.
 G = Mean time per level.
                   A        B        C        D        E       F      G
               +--------+--------+--------+--------+--------+-----+--------+
         Total |  11442 |  11106 |    336 |   1902 |   7512 |  11 | 1040.2 |
       Dungeon |  11411 |  11082 |    329 |   1902 |   7512 |  10 | 1141.1 |
        Temple |     31 |     24 |      7 |      0 |      0 |   1 |   31.0 |
               +--------+--------+--------+--------+--------+-----+--------+

Top non-repeatable levels by time:
     D:6: 1806 daAuts
     D:5: 1544 daAuts
    D:10: 1499 daAuts
     D:8: 1446 daAuts
     D:9: 1212 daAuts
     D:4: 1131 daAuts
     D:7: 781 daAuts
     D:2: 712 daAuts
     D:3: 700 daAuts
     D:1: 576 daAuts
  Temple: 31 daAuts
